 Dungeon Sprint DCSS version 0.29.1-12-g30fa7ad0bf (webtiles) character file.

Game seed: 10291606153223339466

1761 boopmooplesden the Fencer (level 8, -5/89 HPs)
             Began as a Minotaur Berserker on Dec 16, 2022.
             Was a High Priest of Trog.
             Slain by a boulder beetle (24 damage)
             ... in the Dungeon (Sprint IX: "|||||||||||||||||||||||||||||").
             The game lasted 00:00:59 (495 turns).

boopmooplesden the Fencer (Minotaur Berserker)       Turns: 495, Time: 00:01:00

Health: -5/89      AC: 10    Str: 23    XL:     8   Next: 79%
Magic:  7/7        EV: 12    Int:  4    God:    Trog [*****.]
Gold:   0          SH:  0    Dex: 11    Spells: 7/7 levels left

rFire   . . .      SeeInvis .   o - +2 scimitar (holy)
rCold   . . .      Faith    .   (no shield)
rNeg    . . .      Spirit   .   m - +1 scale mail
rPois   .          Reflect  .   (helmet restricted)
rElec   .          Harm     .   (no cloak)
rCorr   .          Rampage  .   (no gloves)
Will    ++...      NoTele   +   n - +0 pair of boots
Stlth   ..........              (no amulet)
HPRegen 1.24/turn               (no ring)
MPRegen 0.10/turn               (no ring)

@: strong-willed (expiring), on berserk cooldown, regenerating (expiring),
slowed, very slow
A: horns 2, retaliatory headbutt
a: Renounce Religion, Berserk, Trog's Hand, Brothers in Arms


You were in the Dungeon.
You worshipped Trog.
Trog was extremely pleased with you.
You visited 1 branch

Inventory:

Hand Weapons
 a - a +0 falchion
 o - a +2 scimitar of holy wrath (weapon)
Armour
 b - a +0 animal skin
 m - a +1 scale mail (worn)
 n - a +0 pair of boots (worn)
Jewellery
 k - a +2 ring of evasion
 l - a +3 ring of intelligence
Wands
 j - a wand of iceblast (10)
Scrolls
 h - 2 scrolls of blinking
Potions
 c - 5 potions of curing
 d - 3 potions of heal wounds
 e - a potion of haste
 f - 4 potions of magic
 g - a potion of berserk rage
 i - a potion of invisibility


   Skills:
 + Level 14.2 Fighting
 + Level 15.9 Long Blades
 + Level 8.5 Armour
 + Level 6.9 Dodging


You had 7 spell levels left.
You didn't know any spells.
Your spell library was empty.

Dungeon Overview and Level Annotations

Branches:
Dungeon (1/1)

Altars:
Cheibriados
Dithmenos
Elyvilon
Fedhas
Gozag
Hepliaklqana
Kikubaaqudgha
Makhleb
Nemelex Xobeh
Okawaru
Qazlal
Ru
Sif Muna
Trog
Uskayaw
Vehumet
Wu Jian
Xom
Yredelemnul
Zin
The Shining One
Jiyva
Lugonu


Innate Abilities, Weirdness & Mutations

You have a pair of horns on your head.
You reflexively headbutt those who attack you in melee.


Message History

The boulder beetle stops rolling and uncurls.
You hit the boulder beetle but do no damage.
You headbutt the boulder beetle, but do no damage.
You hit the boulder beetle but do no damage.
The boulder beetle bites you but does no damage.
The slime creature hits you!
You slash the boulder beetle! You headbutt the boulder beetle!
The boulder beetle is moderately wounded.
You hit the boulder beetle. You headbutt the boulder beetle.
The boulder beetle is moderately wounded.
The boulder beetle bites you but does no damage.
The slime creature closely misses you.
You hit the boulder beetle but do no damage.
The boulder beetle is moderately wounded.
You hit the boulder beetle but do no damage.
You headbutt the boulder beetle.
The boulder beetle is heavily wounded.
The boulder beetle barely misses you. You furiously retaliate!
You headbutt the boulder beetle, but do no damage.
The slime creature closely misses you.
You hit the boulder beetle.
You headbutt the boulder beetle, but do no damage.
The boulder beetle is heavily wounded.
You slash the boulder beetle!
The boulder beetle is severely wounded.
You feel the effects of Trog's Hand fading.
You slash the boulder beetle!
The boulder beetle is almost dead.
The boulder beetle bites you!!
* * * LOW HITPOINT WARNING * * *
The slime creature misses you.
You slice the slime creature!!
The slime creature is severely wounded.
You are no longer berserk.
You are exhausted.
You feel yourself slow down.
You barely miss the slime creature.
The slime creature is severely wounded.
The boulder beetle bites you!!
You die... ▓▓▓▓▓▓▓▓▓▓▓▓▓▓▓▓▓▓▓▓▓▓ +...J@B'...)))'....[.) ▓▓▓▓▓▓▓▓▓▓▓▓▓▓▓▓▓▓▓▓▓▓

You could see a boulder beetle and a slime creature.

Vanquished Creatures
  A centaur warrior (D)
  A cyclops (D)
  A wyvern (D)
  A shadow (D)
  A vampire mosquito (D)
  A black bear (D)
  2 centaurs (D)
  A killer bee (D)
  2 hounds (D)
  2 orc wizards (D)
  An adder (D)
  An orc (D)
  A ball python (D)
  A goblin (D)
  A frilled lizard (D)
  A kobold (D)
  A rat (D)
20 creatures vanquished.

Notes
Turn   | Place    | Note
-------+----------+-------------------------------------------
     0 | D        | boopmooplesden the Minotaur Berserker began the quest for
                  | the Orb.
     0 | D        | Reached XP level 1. HP: 19/19 MP: 0/0
     8 | D        | Reached skill level 4 in Long Blades
     8 | D        | Reached ** piety under Trog
    22 | D        | Noticed a hound
    22 | D        | Noticed a black bear
    22 | D        | Noticed a hound
    24 | D        | Reached skill level 5 in Fighting
    24 | D        | Reached skill level 5 in Long Blades
    24 | D        | Reached XP level 2. HP: 29/29 MP: 1/1
    25 | D        | Reached *** piety under Trog
    28 | D        | Reached skill level 6 in Long Blades
    28 | D        | Reached XP level 3. HP: 37/37 MP: 2/2
    29 | D        | Killed a black bear
    30 | D        | Reached skill level 8 in Long Blades
    30 | D        | Reached XP level 4. HP: 48/48 MP: 3/3
    32 | D        | Reached skill level 9 in Long Blades
    32 | D        | Reached XP level 5. HP: 56/56 MP: 4/4
   231 | D        | Found a snail-covered altar of Cheibriados.
   231 | D        | Found a shadowy altar of Dithmenos.
   231 | D        | Found a white marble altar of Elyvilon.
   231 | D        | Found a blossoming altar of Fedhas.
   231 | D        | Found an opulent altar of Gozag.
   232 | D        | Found a hazy altar of Hepliaklqana.
   233 | D        | Found a viscous altar of Jiyva.
   234 | D        | Found an ancient bone altar of Kikubaaqudgha.
   235 | D        | Found a corrupted altar of Lugonu.
   236 | D        | Found a burning altar of Makhleb.
   237 | D        | Found a sparkling altar of Nemelex Xobeh.
   238 | D        | Found an iron altar of Okawaru.
   239 | D        | Found a stormy altar of Qazlal.
   240 | D        | Found a sacrificial altar of Ru.
   241 | D        | Found a shimmering blue altar of Sif Muna.
   242 | D        | Found a bloodstained altar of Trog.
   243 | D        | Found a hide-covered altar of Uskayaw.
   244 | D        | Found a radiant altar of Vehumet.
   245 | D        | Found an ornate altar of the Wu Jian Council.
   246 | D        | Found a shimmering altar of Xom.
   247 | D        | Found a basalt altar of Yredelemnul.
   248 | D        | Found a glowing silver altar of Zin.
   249 | D        | Found a glowing golden altar of the Shining One.
   306 | D        | Noticed a vampire mosquito
   306 | D        | Noticed a wyvern
   306 | D        | Noticed a centaur
   306 | D        | Noticed a centaur
   310 | D        | Reached **** piety under Trog
   313 | D        | Reached skill level 10 in Long Blades
   313 | D        | Reached skill level 5 in Armour
   315 | D        | Killed a centaur
   316 | D        | Reached skill level 10 in Fighting
   316 | D        | Reached skill level 5 in Dodging
   316 | D        | Reached XP level 6. HP: 64/66 MP: 5/5
   320 | D        | Reached skill level 11 in Long Blades
   321 | D        | Killed a wyvern
   322 | D        | Reached skill level 12 in Long Blades
   322 | D        | Reached XP level 7. HP: 66/74 MP: 6/6
   322 | D        | Killed a vampire mosquito
   323 | D        | Reached skill level 13 in Long Blades
   461 | D        | Noticed a boulder beetle
   461 | D        | Noticed a slime creature
   461 | D        | Noticed a shadow
   461 | D        | Noticed a cyclops
   461 | D        | Noticed a centaur warrior
   468 | D        | Killed a centaur warrior
   468 | D        | Reached ***** piety under Trog
   469 | D        | Reached skill level 14 in Long Blades
   469 | D        | Reached XP level 8. HP: 86/86 MP: 7/7
   476 | D        | Killed a cyclops
   477 | D        | Reached skill level 15 in Long Blades
   478 | D        | Received a gift from Trog
   495 | D        | Slain by a boulder beetle

Illustrated notes

Levels and vault maps discovered:
D:        linesprint [early_d, line_temple, items_1, d_10, items_2, lair_1,
          lair_end, items_3, orc_1, orc_end, items_4, d_15, swamp_1, shoals_1,
          snake_1, spider_1, d_20, vaults_1, items_5, swamp_end, shoals_end,
          snake_end, spider_end, vaults_end, d_27, items_6, zot_1, zot_end,
          crypt_end, forest_end, elf_end, slime_end, tomb_end, abyss_end,
          pan_hell_end]

Skill      XL: |  1  2  3  4  5  6  7  8 |
---------------+-------------------------+-----
Fighting       | 5 6 8 10 11 13 14 | 14.2
Long Blades    | 5 6 8 9 10 12 14 15 | 15.9
Armour         | 3 4 5 6 7 8 |  8.5
Dodging        | 3 4 5 6 |  6.9

Action                   |  1- 3 |  4- 6 |  7- 9 || total
-------------------------+-------+-------+-------++-------
Melee: Falchion          |    17 |     2 |       ||    19
       Headbutt          |     2 |     3 |     8 ||    13
       Scimitar          |       |    12 |    31 ||    43
Invok: Berserk           |     1 |     1 |     1 ||     3
       Trog's Hand       |       |     1 |     1 ||     2
Armor: Scale mail        |       |     6 |     4 ||    10
Dodge: Dodged            |     6 |     9 |     9 ||    24
